 Dungeon Crawl Stone Soup version 0.26-a0-667-g92642533e4 (webtiles) character file.

Game seed: 17194210344482009433

242 CheiIsBae the Chopper (level 6, -24/56 HPs)
             Began as a Hill Orc Berserker on Oct 18, 2020.
             Was a Priest of Trog.
             Annihilated by a two-headed ogre
             ... wielding a +0 giant club
              (27 damage)
             ... on level 4 of the Dungeon.
             The game lasted 00:05:07 (3772 turns).

CheiIsBae the Chopper (Hill Orc Berserker)          Turns: 3772, Time: 00:05:08

Health: -24/56     AC:  5    Str: 22    XL:     6   Next: 9%
Magic:  6/6        EV: 11    Int:  7    God:    Trog [***...]
Gold:   143        SH:  0    Dex: 10    Spells: 5/5 levels left

rFire    . . .     SeeInvis .   a - +0 hand axe
rCold    + . .     Faith    .   (no shield)
rNeg     . . .     Spirit   .   s - +0 ring mail
rPois    .         Reflect  .   (no helmet)
rElec    .         Harm     .   (no cloak)
rCorr    +         Rampage  .   (no gloves)
MR       .....                  (no boots)
Stlth    ..........             (no amulet)
HPRegen  0.18/turn              l - ring of protection from cold
MPRegen  0.10/turn              m - ring of resist corrosion

@: berserk cooldown, slowed, invisible, very slow
A: no striking features
a: Berserk, Trog's Hand, Renounce Religion


You were on level 4 of the Dungeon.
You worshipped Trog.
Trog was most pleased with you.
You visited 1 branch of the dungeon, and saw 5 of its levels.

You collected 143 gold pieces.

Inventory:

Hand Weapons
 a - a +0 hand axe (weapon)
Armour
 s - a +0 ring mail (worn)
Jewellery
 l - a ring of protection from cold (left hand)
 m - a ring of resist corrosion (right hand)
Wands
 i - a wand of iceblast (7)
Scrolls
 b - a scroll of immolation {unknown}
 c - a scroll of fear {unknown}
 e - 3 scrolls of remove curse {unknown}
 g - a scroll of enchant armour {unknown}
 h - 3 scrolls of enchant weapon {unknown}
 j - a scroll of noise {unknown}
 p - a scroll of teleportation {unknown}
 r - 2 scrolls of identify {unknown}
Potions
 d - 2 potions of curing {unknown}
 f - 2 potions of heal wounds {unknown}
 k - a potion of brilliance {unknown}
 o - 3 potions of flight {unknown}
 q - a potion of mutation {unknown}


   Skills:
 + Level 5.0 Fighting
 * Level 6.8 Axes
 + Level 3.8 Armour
 - Level 1.5 Dodging


You had 5 spell levels left.
You didn't know any spells.
Your spell library was empty.

Dungeon Overview and Level Annotations

Branches:
Dungeon (5/15)
 Temple: D:4-7

Altars:
Qazlal


Message History

* * * LOW HITPOINT WARNING * * *
Things that are here:
a +0 dagger; a +0 robe You hit the two-headed ogre.
The two-headed ogre is lightly wounded.
A red film seems to cover your vision as you go berserk!
You feel yourself moving faster!
You feel mighty! The two-headed ogre barely misses you.
The two-headed ogre hits you with a cursed +0 giant club!!
* * * LOW HITPOINT WARNING * * *
You feel a strong urge to attack something.
You feel your anger nearly subside.
You are no longer berserk.
You are exhausted.
You feel yourself slow down.
Evoke which item? (* to show all) (? for menu, Esc to quit)
Okay, then.
Okay, then.
You fade into invisibility!
The two-headed ogre hits you with a +0 giant club!!
You die...

.... #.#.##.....# #.#.# ....
#.#.##.....# #.#.# ....
#.#.##.....# #.#.# #..
#...##.....#####.#.# #...
#....'..)..+.....#'#
###...#######...##.....####.....
................##.....####.....
.......))#####.>........†.......
####..........O@................
#.###.##################..... #
.... ##+#+# #.#... #.##### #


You could see a two-headed ogre.

Vanquished Creatures
  Terence (D:3)
  3 worker ants
  An orc wizard (D:4)
  3 adders
  An ufetubus (D:5)
  2 oozes
  2 dart slugs
  4 leopard geckos
  3 orcs (D:4)
  A ball python (D:1)
  11 bats
  2 giant cockroaches
  2 goblins (D:2)
  6 hobgoblins
  10 jackals
  4 kobolds
  3 quokkas
  A frilled lizard (D:4)
  A leopard gecko zombie (D:4)
  7 rats
68 creatures vanquished.

Notes
Turn   | Place    | Note
-------+----------+-------------------------------------------
     0 | D:1      | CheiIsBae the Hill Orc Berserker began the quest for the
                  | Orb.
     0 | D:1      | Reached XP level 1. HP: 19/19 MP: 1/1
   110 | D:1      | Reached XP level 2. HP: 27/27 MP: 2/2
   703 | D:1      | Reached XP level 3. HP: 33/33 MP: 3/3
   955 | D:2      | Reached skill level 5 in Axes
   957 | D:2      | Reached ** piety under Trog
  1190 | D:2      | Reached XP level 4. HP: 30/40 MP: 4/4
  2315 | D:3      | Found a stormy altar of Qazlal.
  2604 | D:3      | Noticed Terence
  2610 | D:3      | Killed Terence
  2610 | D:3      | Reached skill level 6 in Axes
  2610 | D:3      | Reached XP level 5. HP: 47/47 MP: 5/5
  3207 | D:4      | Reached *** piety under Trog
  3224 | D:4      | You fall into a shaft and drop 1 floor!
  3224 | D:5      | Entered Level 5 of the Dungeon
  3759 | D:4      | Noticed a two-headed ogre
  3760 | D:4      | Reached skill level 5 in Fighting
  3760 | D:4      | Reached XP level 6. HP: 39/56 MP: 6/6
  3766 | D:4      | HP: 3/84 [two-headed ogre/+0 giant club (21)]
  3772 | D:4      | Annihilated by a two-headed ogre

Illustrated notes

Levels and vault maps discovered:
D:1:      scummos_arrival_star, layout_loops_cross, minmay_heptomino_d4
D:2:      layout_basic
D:3:      layout_basic, nicolae_qazlal_general_emergency, uniq_terence
D:4:      layout_basic, minmay_temple_entry_glass
D:5:      layout_loops_corners, lemuel_round_altar, serial_shops, shop,
          minmay_misc_feat_ornament, uniq_pikel, uniq_edmund

Skill      XL: |  1  2  3  4  5 |
---------------+----------------+-----
Fighting       | 4 5 |  5.0
Axes           | 5 6 |  6.8
Armour         | 3 |  3.8
Dodging        | |  1.5

Action                   |  1- 3 |  4- 6 || total
-------------------------+-------+-------++-------
Melee: Hand axe          |    76 |   167 ||   243
Invok: Berserk           |     1 |     3 ||     4
  Use: Potion            |       |     1 ||     1
 Stab: Sleeping          |     3 |     1 ||     4
Armor: Animal skin       |    13 |    29 ||    42
       Ring mail         |       |    30 ||    30
Dodge: Dodged            |    67 |   157 ||   224

Table legend: (Time is in decaauts)
 A = Elapsed time spent in this place.
 B = Non-inter-level travel time spent in this place.
 C = Inter-level travel time spent in this place.
 D = Time resting spent in this place.
 E = Time spent auto-exploring this place.
 F = Levels seen in this place.
 G = Mean time per level.
                   A        B        C        D        E       F      G
               +--------+--------+--------+--------+--------+-----+--------+
         Total |   3803 |   3685 |    118 |    598 |   2547 |   5 |  760.6 |
       Dungeon |   3803 |   3685 |    118 |    598 |   2547 |   5 |  760.6 |
               +--------+--------+--------+--------+--------+-----+--------+

Top non-repeatable levels by time:
     D:2: 1389 daAuts
     D:1: 895 daAuts
     D:3: 892 daAuts
     D:4: 610 daAuts
     D:5: 15 daAuts
